AoeStats
← ***

Arabia

508887953Analyzed
1v1 RM · 6d ago on Sep 24, 2026· 40m 47s· 2 players
Game mode
Random Map
Map size
Tiny (2 player)
Population
200
Speed
Normal
Resources
Standard
Victory
Conquest
Starting age
Dark Age
Ending age
Imperial Age
RankedLock teamsTeams togetherTeam positionsShared explorationLock speedFull tech treeHidden civsTurbo modeCheats
Victory
Defeat
🇭🇰 Italians · Hong Kong SAR China
1795
+22
🇩🇪 Lithuanians · Germany
1943
-22
***
8:23 Feudal Age
9:09 Double-Bit Axe
13:08 Loom
14:53 Horse Collar
20:19 Castle Age
19:47 Fletching
19:56 Gold Mining
20:57 Bodkin Arrow
20:22 Crossbowman
20:34 Crossbowman
28:02 Bow Saw
29:34 Ballistics
30:14 Padded Archer Armor
35:36 Imperial Age
36:53 Wheelbarrow
37:29 Chemistry
36:42 Bracer
38:33 Leather Archer Armor
39:36 Elite Genoese Crossbowman
Big Dota
8:27 Feudal Age
8:07 Loom
9:07 Double-Bit Axe
9:36 Horse Collar
20:08 Castle Age
19:05 Bloodlines
19:35 Scale Barding Armor
20:11 Light Cavalry
21:39 Chain Barding Armor
27:37 Fletching
28:49 Wheelbarrow
28:21 Bodkin Arrow
28:36 Elite Skirmisher
29:28 Padded Archer Armor
30:39 Leather Archer Armor
31:25 Ballistics
31:46 Gold Mining
38:35 Imperial Age
36:39 Town Watch
39:19 Tower Shields
39:50 Ring Archer Armor
40:32 Bracer
41:16 Conscription
Connection lost

Rejoining the realm…

Still unreachable

The connection could not be restored.

Session expired

The server has moved on; the page needs a fresh start.